Map: Rhoskallian LE

Players

Nigrnog

  • Race: Zerg Zerg
  • League: Silver
  • Spawn Location: 6:00

MooEsqoo

  • Race: Zerg Zerg
  • Spawn Location: 5:00

Eriz - Winner!

  • Race: Zerg Zerg
  • Spawn Location: 12:00

Hypocrite - Winner!

  • Race: Zerg Zerg
  • Spawn Location: 11:00

VOD

Have the link to the VOD?

Description

Time

  • Played on: Dec. 22, 2019, 4:27 a.m.
  • Length: 17:13
Show
View Real Time Build Order
Export as new Build Order

Nigrnog Zerg 

Build Orders: Pool First 

Get SALT Encoding   

  12  0:01  Drone  
  13  0:13  Overlord  
  13  0:23  Overlord  
  13  0:27  Drone  
  14  0:34  Drone  
  15  0:38  Extractor  
  15  0:39  Drone  
  15  0:49  Drone  
  16  1:00  Spawning Pool  
  16  1:01  Drone  
  16  1:09  Drone  
  17  1:18  Drone  
  18  1:39  Hatchery  
  17  1:42  Drone x2  
  19  1:55  Queen  
  19  1:57  Zergling x2  
  22  2:06  Zergling x2  
  23  2:12  Metabolic Boost  
  24  2:15  Zergling x2  
  24  2:24  Zergling x2  
  25  2:35  Lair  
  25  2:41  Baneling Nest  
  24  2:52  Queen  
  24  2:54  Drone  
  27  3:02  Extractor  
  26  3:08  Zergling x8  
  30  3:18  Zergling x4  
  32  3:23  Drone  
  33  3:27  Baneling x4  
  33  3:28  Baneling  
  33  3:31  Zergling x2  
  34  3:39  Zergling x4  
  36  3:45  Overlord  
  36  3:55  Overlord  
  30  4:27  Zergling x10  
  30  4:28  Zergling x8  
  37  4:41  Zergling x6  
  36  5:07  Baneling x5  
  35  5:08  Zergling x8  
  35  5:11  Drone  
  40  5:14  Zergling x2  
  40  5:19  Centrifical Hooks  
  41  5:23  Zergling x6  
  41  5:24  Overlord  
  41  5:27  Extractor  
  43  5:37  Baneling x3  
  43  5:44  Baneling  
  43  5:46  Overlord x2  
  43  5:53  Drone x2  
  45  5:58  Zergling x2  
  46  6:07  Evolution Chamber  
  46  6:09  Drone x2  
  47  6:13  Drone  
  48  6:20  Zergling x4  
  41  6:55  Zergling x2  
  41  6:56  Zergling x14  
  46  7:05  Zergling x8  
  39  7:17  Zergling x10  
  44  7:28  Zergling x4  
  29  8:18  Drone x5  
  34  8:23  Queen  
  36  8:30  Overlord x4  
  36  8:31  Hatchery  
  35  8:47  Drone x2  
  35  8:48  Drone x5  
  42  8:53  Spire  
  41  8:56  Infestation Pit, Zerg Ground Armor Level 1  
  40  9:02  Evolution Chamber  
  39  9:14  Hatchery, Extractor  
  37  9:18  Hatchery  
  37  9:19  Spore Crawler  
  37  9:20  Spore Crawler  
  37  9:21  Spore Crawler  
  37  9:23  Spore Crawler  
  37  9:24  Spore Crawler  
  31  9:26  Spore Crawler  
  31  9:27  Spore Crawler  
  29  9:44  Overlord x3  
  29  9:56  Extractor  
  29  9:59  Drone x4  
  32  10:00  Drone x6  
  38  10:10  Drone  
  36  10:31  Corruptor x4  
  36  10:32  Corruptor  
  46  10:35  Overlord  
  46  10:46  Corruptor  
  46  10:48  Corruptor x3  
  46  10:49  Corruptor  
  56  10:58  Drone x3  
  56  11:03  Corruptor x2  
  63  11:10  Corruptor  
  65  11:24  Queen, Drone x2  
  69  11:27  Corruptor  
  67  12:09  Corruptor  
  67  12:10  Corruptor x3  
  67  12:11  Zergling x6  
  67  12:12  Zergling x4  
  80  12:20  Drone x3  
  83  12:25  Drone x4  
  87  12:39  Hatchery  
  87  12:43  Hive  
  86  12:44  Corruptor x2  
  90  13:01  Overlord  
  90  13:02  Overlord x3  
  90  13:03  Overlord  
  90  13:08  Spore Crawler  
  90  13:10  Spore Crawler  
  90  13:12  Spore Crawler  
  87  13:14  Spore Crawler  
  87  13:15  Drone x3  
  90  13:20  Drone x2  
  91  13:27  Zergling x2  
  91  13:28  Zergling x6  
  95  13:35  Overseer x2  
  95  13:39  Corruptor  
  97  14:01  Corruptor x4  
  105  14:04  Zergling x2  
  105  14:08  Drone x2  
  108  14:14  Queen  
  110  14:26  Zergling x2  
  110  14:27  Zergling x10  
  114  15:00  Extractor  
  114  15:01  Extractor, Zergling x10  
  114  15:02  Zergling x8  
  121  15:12  Extractor  
  119  15:39  Zergling x2  
  119  15:40  Zergling x14  
  119  15:41  Zergling x12  
  122  15:53  Zergling x4  
  122  15:54  Zergling x14  
  130  16:06  Zergling x10  
  115  16:20  Corruptor x5  
  91  16:33  Corruptor x4  
Show
View Real Time Build Order
Export as new Build Order

MooEsqoo Zerg 

Build Orders: Hatch First 

Get SALT Encoding   

  12  0:02  Drone  
  13  0:13  Overlord  
  13  0:19  Drone  
  14  0:31  Drone  
  14  0:32  Drone  
  16  0:46  Drone  
  17  0:51  Drone  
  18  1:04  Drone  
  19  1:11  Hatchery  
  19  1:17  Extractor  
  17  1:21  Spawning Pool  
  17  1:22  Drone  
  17  1:24  Drone  
  18  1:33  Overlord  
  18  1:45  Drone  
  19  1:52  Drone  
  20  2:10  Queen  
  20  2:14  Zergling x4  
  24  2:25  Zergling x2  
  24  2:27  Overlord  
  25  2:32  Queen  
  25  2:35  Zergling x4  
  29  2:37  Metabolic Boost  
  29  3:03  Zergling x4  
  29  3:04  Overlord  
  29  3:05  Zergling x2  
  32  3:15  Drone x2  
  32  3:19  Drone x2  
  37  3:34  Drone x2  
  37  3:40  Overlord  
  37  3:41  Drone  
  39  3:45  Drone  
  39  3:46  Drone x3  
  39  3:47  Drone  
  39  3:48  Drone  
  45  3:51  Lair  
  45  4:10  Roach Warren, Evolution Chamber  
  40  4:33  Drone  
  40  4:34  Drone x5  
  43  5:00  Roach x3  
  43  5:06  Extractor  
  43  5:07  Extractor  
  47  5:11  Zergling x4  
  47  5:12  Drone  
  50  5:20  Glial Reconstitution  
  50  5:23  Zerg Missile Weapons Level 1  
  52  5:28  Roach x2  
  52  5:29  Roach x2, Drone  
  59  5:36  Overlord x2  
  59  5:52  Overlord x2  
  59  5:53  Overlord  
  59  6:02  Roach x3  
  59  6:03  Overlord x3  
  64  6:43  Roach x3  
  64  6:44  Roach x2, Drone x4  
  65  7:27  Roach x2  
  65  7:28  Roach x2  
  71  7:30  Overseer  
  69  8:17  Hatchery  
  68  8:27  Roach x7  
  74  8:28  Drone x4  
  74  8:29  Drone  
  87  8:36  Ravager  
  87  8:37  Ravager  
  87  8:40  Ravager  
  87  8:41  Ravager x2  
  92  8:53  Queen x2  
  92  8:54  Extractor  
  95  8:57  Extractor  
  94  9:05  Roach, Overlord x3  
  94  9:07  Roach x2  
  100  9:11  Zerg Missile Weapons Level 2  
  100  9:24  Spire  
  99  9:35  Spore Crawler  
  99  9:38  Spore Crawler  
  96  9:44  Spore Crawler  
  87  9:55  Ravager x5  
  87  9:57  Zergling x2  
  87  9:58  Zergling x10  
  95  10:40  Corruptor x3  
  96  11:22  Spire  
  95  11:28  Zergling x4  
  95  11:29  Zergling x10  
  95  11:30  Overlord x5  
  101  12:25  Hatchery  
  100  12:35  Corruptor x6  
  112  12:38  Zerg Ground Armor Level 1  
  112  12:42  Queen  
  114  13:00  Corruptor x2  
  118  13:06  Extractor  
  117  13:13  Zerg Flyer Weapons Level 1  
  117  13:23  Drone x2  
  117  13:24  Drone  
  120  13:35  Corruptor  
  116  14:09  Corruptor x3  
  122  14:25  Corruptor  
  123  14:47  Corruptor x2  
  123  14:52  Drone x4  
  131  15:04  Queen  
  133  15:40  Corruptor x2  
  133  15:41  Corruptor x2  
  136  16:05  Corruptor  
  136  16:06  Corruptor x2  
  103  16:30  Corruptor x3  
  58  17:05  Hatchery  
  58  17:06  Extractor  
Show
View Real Time Build Order
Export as new Build Order

Eriz Zerg - Winner!

Build Orders: Pool First, Swarm Host 

Get SALT Encoding   

  12  0:05  Drone  
  13  0:16  Overlord  
  13  0:18  Drone  
  14  0:36  Drone x2  
  16  0:44  Spawning Pool  
  16  0:47  Drone  
  16  0:53  Drone  
  17  1:19  Hatchery  
  16  1:26  Extractor  
  16  1:27  Drone x3  
  18  1:39  Queen  
  20  1:49  Overlord  
  20  1:51  Drone  
  21  2:20  Queen  
  23  2:39  Drone  
  24  2:47  Roach Warren  
  24  2:48  Drone  
  24  2:53  Queen  
  25  3:06  Lair  
  25  3:13  Zergling x4  
  25  3:18  Drone  
  25  3:19  Drone x5  
  33  3:37  Drone x3  
  33  3:40  Overlord  
  36  3:41  Overlord  
  36  3:57  Queen  
  36  3:58  Zergling x6  
  36  3:59  Zergling x2  
  42  4:04  Drone  
  42  4:07  Glial Reconstitution  
  43  4:10  Metabolic Boost  
  42  4:22  Zergling x6  
  26  4:38  Zergling x2  
  26  4:39  Zergling x8  
  29  4:51  Queen  
  31  5:01  Queen  
  33  5:11  Drone x6  
  39  5:18  Zergling x2  
  39  5:19  Zergling x8  
  44  5:58  Extractor, Drone  
  44  6:00  Drone  
  44  6:01  Drone x2  
  47  6:05  Drone  
  47  6:06  Drone  
  47  6:07  Overseer  
  49  6:27  Pneumatized Carapace  
  47  6:37  Zergling x2  
  47  6:38  Zergling x16  
  45  6:48  Zergling x2  
  42  7:00  Zergling x2  
  35  7:26  Hatchery  
  35  7:29  Spine Crawler x2  
  31  7:30  Zergling x2, Spine Crawler  
  31  7:31  Zergling x4, Spine Crawler  
  32  7:46  Infestation Pit  
  30  8:01  Spine Crawler  
  29  8:24  Spore Crawler  
  29  8:25  Spore Crawler  
  27  8:28  Swarm Host x3  
  37  8:41  Drone x2  
  37  8:48  Queen  
  38  8:49  Queen  
  42  8:59  Nydus Network  
  42  9:01  Swarm Host x3  
  50  9:46  Overlord x2  
  50  9:47  Overlord  
  50  9:52  Drone x2  
  52  10:27  Nydus Canal  
  52  10:32  Swarm Host  
  52  10:33  Swarm Host x7  
  76  10:40  Overlord x4  
  76  11:05  Overseer  
  76  11:18  Hatchery  
  75  11:22  Nydus Canal  
  75  11:32  Drone x2  
  77  11:33  Drone x4  
  77  11:35  Extractor  
  77  11:37  Extractor  
  79  11:56  Overseer  
  79  11:58  Spore Crawler x3  
  79  11:59  Spore Crawler  
  75  12:16  Overseer  
  75  12:39  Drone  
  75  12:40  Drone x7  
  83  13:14  Overseer  
  83  13:16  Overseer  
  83  13:17  Overseer  
  83  13:27  Evolution Chamber  
  83  13:28  Evolution Chamber  
  81  13:35  Nydus Canal, Overseer  
  81  13:39  Swarm Host x2  
  81  13:40  Swarm Host x7  
  108  13:57  Nydus Canal  
  108  14:01  Overlord x3  
  108  14:43  Zerg Missile Weapons Level 1  
  108  14:44  Zerg Ground Armor Level 1  
  108  14:50  Overseer  
  108  15:05  Drone x5  
  113  15:07  Extractor  
  113  15:08  Extractor  
  113  15:11  Drone  
  113  15:12  Spire, Drone x6  
  113  15:13  Spire  
  116  15:24  Zergling x2  
  116  15:25  Zergling x10  
  98  16:59  Hatchery  
  98  17:00  Hatchery  
Show
View Real Time Build Order
Export as new Build Order

Hypocrite Zerg - Winner!

Build Orders: Pool First 

Get SALT Encoding   

  12  0:03  Drone  
  13  0:09  Drone  
  14  0:15  Extractor  
  14  0:18  Extractor, Drone  
  13  0:23  Drone  
  16  0:40  Spawning Pool  
  15  0:48  Overlord  
  15  0:53  Extractor  
  15  0:54  Extractor  
  15  0:55  Drone  
  15  1:22  Hatchery, Drone  
  15  1:23  Drone  
  16  1:47  Drone  
  16  1:48  Drone x2  
  16  1:52  Extractor, Queen  
  20  2:16  Drone x2  
  20  2:18  Roach Warren  
  21  2:33  Overlord  
  21  2:35  Zergling x2  
  22  2:52  Metabolic Boost  
  22  2:56  Drone x2  
  22  2:57  Drone  
  22  2:58  Queen  
  27  3:24  Zergling x6  
  27  3:25  Roach x2  
  34  3:34  Drone  
  35  3:57  Lair  
  35  4:03  Drone  
  35  4:07  Overlord x2  
  28  4:24  Roach, Zergling x4  
  28  4:25  Roach, Zergling x6  
  28  4:26  Roach  
  28  4:29  Roach, Zergling x2  
  41  5:15  Spire  
  41  5:16  Drone x3  
  43  5:28  Drone x3  
  45  5:29  Drone x3  
  49  5:39  Extractor x2  
  47  5:52  Queen  
  49  5:57  Drone  
  49  5:58  Drone  
  49  6:02  Drone  
  49  6:03  Overlord x2  
  52  6:33  Drone x3  
  54  6:41  Roach, Zergling x4  
  54  6:42  Zergling x8  
  54  6:43  Roach x3, Zergling x4  
  54  7:06  Roach x4, Zergling x10  
  60  7:32  Roach, Zergling x4  
  60  7:33  Roach, Zergling x2  
  67  7:41  Queen  
  66  7:50  Spine Crawler  
  52  8:09  Mutalisk x8  
  52  8:11  Overlord  
  68  8:24  Zerg Flyer Weapons Level 1  
  68  8:48  Mutalisk x4  
  68  8:50  Overlord x2  
  76  9:19  Mutalisk  
  76  9:20  Mutalisk x4  
  86  9:59  Mutalisk x3  
  90  10:01  Overlord x3  
  78  11:28  Mutalisk x3  
  78  11:29  Mutalisk x3  
  86  11:49  Hatchery  
  86  11:54  Corruptor x4  
  92  12:04  Queen  
  92  12:06  Corruptor, Mutalisk  
  98  12:33  Corruptor x2, Mutalisk x2  
  98  12:35  Zerg Flyer Weapons Level 2  
  106  13:08  Pneumatized Carapace  
  106  13:10  Corruptor, Mutalisk x2  
  112  13:14  Overlord x5  
  112  13:15  Overlord  
  112  13:20  Drone x2  
  112  13:25  Extractor x2  
  112  14:19  Corruptor x4, Mutalisk x4  
  112  14:22  Zergling x2  
  129  14:25  Queen  
  131  14:51  Zerg Flyer Armor Level 1  
  131  14:58  Drone x3  
  134  15:10  Corruptor, Mutalisk  
  134  15:11  Corruptor, Mutalisk x2  
  134  15:13  Zergling x10  
  134  15:14  Zergling x4  
  136  15:49  Corruptor x4  
  142  16:08  Corruptor x2  
  96  16:33  Corruptor, Mutalisk  
  96  16:35  Zergling x8  
Tags
 
Add a new tag
Caveats
  • Supply blocks, unpowered buildings, or Contaminate may cause inaccurate times.
  • Supply counts are checked every 10 seconds.